 Dungeon Crawl Stone Soup version 0.26-a0-490-gf8362a0c98 (webtiles) character file.

Game seed: 16278307173453006498

581 KristoblXynda the Ducker (level 7, 0/53 HPs)
             Began as a Vampire Gladiator on Aug 4, 2020.
             Slain by a black bear (8 damage)
             ... on level 4 of the Dungeon.
             The game lasted 00:06:24 (3571 turns).

KristoblXynda the Ducker (Vampire Gladiator)        Turns: 3571, Time: 00:06:24

Health: 0/53       AC:  7    Str: 15    XL:     7   Next: 14%
Magic:  7/7        EV: 13    Int: 11    God:
Gold:   259        SH:  0    Dex: 11    Spells: 6/6 levels left

rFire    . . .     SeeInvis +   a - +0 long sword
rCold    . . .     Faith    .   (no shield)
rNeg     . . .     Spirit   .   g - +0 ring mail
rPois    .         Reflect  .   c - +0 helmet
rElec    .         Harm     .   f - +0 cloak
rCorr    .                      (no gloves)
MR       .....                  (no boots)
Stlth    +.........             (no amulet)
HPRegen  0.37/turn              q - -4 ring of dexterity (curse)
MPRegen  0.10/turn              (no ring)

@: regenerating quickly
A: fangs 3, see invisible, unbreathing
a: Exsanguinate


You were on level 4 of the Dungeon.
You visited 1 branch of the dungeon, and saw 4 of its levels.

You collected 259 gold pieces.

Inventory:

Hand Weapons
 a - a +0 long sword (weapon)
Missiles
 d - 2 throwing nets (quivered)
Armour
 c - a +0 helmet (worn)
 f - a +0 cloak (worn)
 g - a +0 ring mail (worn)
Jewellery
 q - a cursed -4 ring of dexterity (left hand)
Wands
 h - a wand of digging (8)
 n - a wand of polymorph (6)
Scrolls
 e - a scroll of magic mapping
 i - a scroll of teleportation {unknown}
 j - a scroll of blinking {unknown}
 m - 2 scrolls of fear
 o - a scroll of remove curse {unknown}
 p - a scroll of noise {unknown}
 t - a scroll of fog {unknown}
 v - a scroll of identify
Potions
 b - a potion of curing
 k - a potion of stabbing
 l - a potion of magic {unknown}
 r - a potion of flight
 s - a potion of might
 u - a potion of heal wounds {unknown}


   Skills:
 + Level 3.8 Fighting
 + Level 4.8 Long Blades
 - Level 2.0 Throwing
 + Level 2.6 Armour
 + Level 5.3 Dodging


You had 6 spell levels left.
You didn't know any spells.
Your spell library was empty.

Dungeon Overview and Level Annotations

Branches:
Dungeon (4/15)
 Temple: D:4-7

Altars:


Innate Abilities, Weirdness & Mutations

Your natural rate of healing is unusually fast.
You have razor-sharp teeth.
You have supernaturally acute eyesight. (SInv)
You can survive without breathing.


Message History

The black bear claws you but does no damage. x2
You barely miss the black bear.
The black bear is almost dead.
The black bear misses you.
You riposte.
You completely miss the black bear.
The black bear is almost dead.
The black bear barely misses you. The black bear claws you.
* * * LOW HITPOINT WARNING * * *
The black bear bites you.
* * * LOW HITPOINT WARNING * * *
The black bear claws you but does no damage. x2
You closely miss the black bear.
The black bear is almost dead.
The black bear barely misses you.
You riposte.
You hit the black bear but do no damage.
The black bear is almost dead.
The black bear claws you.
* * * LOW HITPOINT WARNING * * *
The black bear claws you but does no damage.
The black bear bites you!
You die...

#..## ### # ##.## ##
##.## .## ##.##
..### ##..# #...##
####..##
##...#######......##
###..##....)###...#
##..........#@..##
##.#.......h#...##
#..#.......(.#...#
#..#........<.#..#
#.##..........##..#
.. #...........#.>.#
#.. #...........#
...# #.#
###.....##### #.# ##
###### ##


You could see a black bear (berserk).

Vanquished Creatures
  Sigmund (D:3)
  A hound (D:3)
  An orc priest (D:3)
  An iguana (D:4)
  Ijyb (D:4)
  3 orc wizards (D:4)
  Terence (D:2)
  Robin (D:2)
  A howler monkey skeleton (D:4)
  7 adders
  An ooze (D:2)
  2 worms
  2 dart slugs (D:1)
  4 leopard geckos
  15 orcs
  A ball python (D:4)
  5 bats
  2 giant cockroaches
  17 goblins
  14 hobgoblins
  5 jackals (D:1)
  A quokka (D:3)
  4 frilled lizards
  7 kobolds
  A leopard gecko skeleton (D:4)
  A quokka skeleton (D:3)
  9 rats
109 creatures vanquished.

Notes
Turn   | Place    | Note
-------+----------+-------------------------------------------
     0 | D:1      | KristoblXynda the Vampire Gladiator began the quest for the
                  | Orb.
     0 | D:1      | Reached XP level 1. HP: 16/16 MP: 1/1
   100 | D:1      | Reached XP level 2. HP: 15/22 MP: 2/2
   585 | D:1      | Reached XP level 3. HP: 27/27 MP: 3/3
  1029 | D:2      | Reached skill level 4 in Dodging
  1029 | D:2      | Reached XP level 4. HP: 30/34 MP: 4/4
  1288 | D:2      | Noticed Terence
  1292 | D:2      | Reached skill level 1 in Armour
  1301 | D:2      | Killed Terence
  1392 | D:2      | Noticed Robin
  1425 | D:2      | Killed Robin
  1425 | D:2      | Reached XP level 5. HP: 19/39 MP: 5/5
  2373 | D:3      | Noticed Sigmund
  2427 | D:3      | Killed Sigmund
  2427 | D:3      | Reached XP level 6. HP: 29/47 MP: 6/6
  2639 | D:3      | Reached skill level 5 in Dodging
  2780 | D:4      | Noticed Ijyb
  2800 | D:4      | Killed Ijyb
  3234 | D:4      | Reached XP level 7. HP: 53/53 MP: 7/7
  3571 | D:4      | Slain by a black bear

Illustrated notes

Levels and vault maps discovered:
D:1:      dpeg_arrival_refuge, layout_loops_ring
D:2:      layout_loops_corners, minmay_misc_feat_tower, minmay_joined_circles,
          uniq_robin, uniq_terence
D:3:      layout_basic, uniq_sigmund
D:4:      layout_cave_pods, minmay_quantized, uniq_ijyb

Skill      XL: |  1  2  3  4  5  6 |
---------------+-------------------+-----
Fighting       | 2 3 |  3.8
Throwing       | 2 |  2.0
Dodging        | 4 5 |  5.3
Armour         | 1 2 |  2.6
Long Blades    | 4 |  4.8

Action                   |  1- 3 |  4- 6 |  7- 9 || total
-------------------------+-------+-------+-------++-------
Melee: Long sword        |   113 |   245 |    42 ||   400
       Bite              |     8 |    26 |     6 ||    40
Throw: Throwing net      |       |     1 |       ||     1
Evoke: Wand              |       |       |     4 ||     4
  Use: Scroll            |       |     9 |       ||     9
       Potion            |       |     2 |       ||     2
 Stab: Sleeping          |     1 |       |       ||     1
Armor: Leather armour    |    24 |       |       ||    24
       Ring mail         |    22 |   108 |    20 ||   150
Dodge: Dodged            |    98 |   215 |    39 ||   352
       Rpst.: Long sword |    26 |    69 |     8 ||   103

Table legend: (Time is in decaauts)
 A = Elapsed time spent in this place.
 B = Non-inter-level travel time spent in this place.
 C = Inter-level travel time spent in this place.
 D = Time resting spent in this place.
 E = Time spent auto-exploring this place.
 F = Levels seen in this place.
 G = Mean time per level.
                   A        B        C        D        E       F      G
               +--------+--------+--------+--------+--------+-----+--------+
         Total |   3651 |   3581 |     70 |    365 |   2085 |   4 |  912.8 |
       Dungeon |   3651 |   3581 |     70 |    365 |   2085 |   4 |  912.8 |
               +--------+--------+--------+--------+--------+-----+--------+

Top non-repeatable levels by time:
     D:2: 1188 daAuts
     D:3: 854 daAuts
     D:4: 834 daAuts
     D:1: 773 daAuts
